 Dungeon Crawl Stone Soup version 0.25-a0-420-g1cc7eeb0d1 (webtiles) character file.

Game seed: 9846882643798814210, levelgen mode: deterministic

4676 Kohma the Blocker (level 10, -8/73 (74) HPs)
             Began as a Formicid Fighter on Jan 18, 2020.
             Was a Follower of Ashenzari.
             Shot with an arrow by a centaur warrior (20 damage)
             ... on level 8 of the Dungeon.
             The game lasted 00:24:21 (8845 turns).

Kohma the Blocker (Formicid Fighter)                Turns: 8845, Time: 00:24:21

HP:   -8/73 (74)    AC: 14    Str: 25    XL:     10   Next: 71%
MP:   10/10         EV:  6    Int: 10    God:    Ashenzari [*.....]
Gold: 305           SH: 13    Dex: 10    Spells: 9/9 levels left

rFire    + . .     SeeInvis +   n - +5 great sword (curse)
rCold    + . .     Gourm    .   c - +1 shield
rNeg     + . .     Faith    .   F - +0 plate armour
rPois    .         Spirit   .   (helmet unavailable)
rElec    .         Reflect  .   B - +2 cloak of Bonuriesk {rC+ rN+} (curse)
rCorr    .         Harm     .   (no gloves)
MR       +....                  (no boots)
Stlth    ..........             (no amulet)
HPRegen  0.22/turn              v - ring of protection from fire
MPRegen  0.12/turn              A - +3 ring of intelligence

@: no status effects
A: permanent stasis, dig shafts and tunnels, four strong arms, antennae 3
a: Dig, Shaft Self, Curse Item, Scrying, Renounce Religion


You were on level 8 of the Dungeon.
You worshipped Ashenzari.
Ashenzari was aware of your devotion.
You were not hungry.

You visited 2 branches of the dungeon, and saw 10 of its levels.

You collected 526 gold pieces.
You spent 221 gold pieces at shops.

Inventory:

Hand Weapons
 d - a +0 halberd
 n - a cursed +5 great sword (weapon)
Missiles
 h - 2 throwing nets
 j - 377 stones
 r - 8 javelins (quivered)
 s - 2 silver javelins
Armour
 c - a +1 shield (worn)
 B - the cursed +2 cloak of Bonuriesk (worn) {rC+ rN+}
   (You found it on level 6 of the Dungeon)

   It protects you from cold.
   It protects you from negative energy.
   It has a curse placed upon it.
 F - a +0 plate armour (worn)
Jewellery
 v - a ring of protection from fire (left hand)
 A - a +3 ring of intelligence (right hand)
Wands
 e - a wand of iceblast (10)
 i - a wand of paralysis (12)
 z - a wand of polymorph (17)
 G - a wand of enslavement (11)
Scrolls
 a - 6 scrolls of identify
 l - 3 scrolls of amnesia
 m - 3 scrolls of remove curse
 o - a scroll of enchant armour
 y - 2 scrolls of blinking {unknown}
 C - a scroll of magic mapping
 D - a scroll of enchant weapon {unknown}
Potions
 g - a potion of heal wounds
 k - a potion of magic {unknown}
 p - a potion of flight {unknown}
 q - 2 potions of degeneration {unknown}
 t - 3 potions of mutation {unknown}
 u - a potion of brilliance
 w - 4 potions of curing
 x - a potion of haste
 E - a potion of might
Comestibles
 b - 5 chunks of flesh
 f - 7 rations


   Skills:
 - Level 5.1 Fighting
 * Level 7.3 Long Blades
 - Level 9.2 Polearms
 - Level 3.3 Armour
 + Level 10.9 Shields


You had 9 spell levels left.
You didn't know any spells.
Your spell library contained the following spells:

 Spells                   Type           Power        Failure   Level  Hunger
 Animate Skeleton         Necr           N/A          99%         1    ##.....
 Apportation              Tloc           #.....       99%         1    ##.....
 Corona                   Hex            #......      99%         1    ##.....
 Sting                    Tmut/Pois      #...         99%         1    ##.....
 Summon Small Mammal      Summ           #...         99%         1    ##.....
 Ensorcelled Hibernation  Hex/Ice        #.....       100%        2    ###....
 Poisonous Vapours        Pois/Air       #.....       100%        2    ###....
 Confusing Touch          Hex            #.......     100%        3    ####...
 Dazzling Flash           Conj/Hex       #.....       100%        3    ####...
 Ignite Poison            Fire/Tmut/Pois #.......     100%        3    ####...
 Mephitic Cloud           Conj/Pois/Air  #.......     100%        3    ####...
 Tukima's Dance           Hex            #.......     100%        3    ####...
 Olgreb's Toxic Radiance  Pois           #.......     100%        4    #####..


Dungeon Overview and Level Annotations

Branches:
Dungeon (9/15)             Temple (1/1) D:5
   Lair: D:8-11         Orc: D:9-12

Altars:
Ashenzari
Cheibriados
Dithmenos
Elyvilon
Fedhas
Gozag
Hepliaklqana
Kikubaaqudgha
Makhleb
Nemelex Xobeh
Okawaru
Qazlal
Ru
Sif Muna
Trog
Uskayaw
Vehumet
Wu Jian
Xom
Yredelemnul
Zin
The Shining One

Shops:
D:5 [*(**   D:7 %

Annotations:
D:5 2 transporters, coier1's ghost, novice GnWn
D:9 Psyche


Innate Abilities, Weirdness & Mutations

You cannot be hasted, slowed, berserked, paralysed or teleported.
You can dig through walls and to a lower floor.
Your four strong arms can wield two-handed weapons with a shield.
You have a pair of large antennae on your head. (SInv)


Message History

The centaur warrior wields a +0 shortbow.
The centaur warrior shoots an arrow.
You block the arrow.
The centaur warrior shoots an arrow.
The arrow hits you!
You see here an arrow.
The centaur warrior shoots an arrow.
The arrow hits you!!
The centaur warrior shoots an arrow.
The arrow hits you!
You see here 2 arrows.
The centaur warrior shoots an arrow.
The arrow hits you!!
* * * LOW HITPOINT WARNING * * *
There is a stone staircase leading down here.
The centaur warrior shoots an arrow.
The arrow hits you but does no damage.
You climb downwards.
A two-headed ogre and Psyche come into view.
Psyche is wielding a +2 dagger of distortion.
Psyche shouts!
There is a stone staircase leading up here.
Psyche casts a spell.
Psyche seems to speed up.
You climb upwards.
The centaur warrior shoots an arrow.
The arrow hits you!!
You die...

......# #####.# ############
#.###..........#######
#####.##.#.#.....(.c..c..#
........###...####(#####.
#####.##.#.#..# #c# #.#
#####.###.##..####.### #.#
..............##.....# #.#
#####.###.###.##@....# #.# #.#
#)# #........# #.# #.# #.#
####.....# #.# # #.# #.# #.....#
#.# #####.###.########.###
#.########
...................#####........#
##.##########.####.........####.#
##.# #.# #########.# #.# ##.# #.#
#.# #.#


You could see a centaur warrior.

Vanquished Creatures
  A two-headed ogre (D:8)
  Pikel (D:5)
  2 hungry ghosts
  2 orc warriors (D:7)
  2 ice beasts
  2 sky beasts (D:8)
  3 phantoms
  A necrophage (D:7)
  2 ogres (D:4)
  5 centaurs
  4 slaves
  5 bullfrogs
  3 scorpions
  3 wights (D:7)
  5 howler monkeys
  2 crimson imps
  2 bullfrog zombies
  7 hounds
  2 orc priests
  5 orc wizards
  2 bullfrog skeletons
  Ijyb (D:4)
  5 worker ants
  A hound zombie (D:5)
  2 worker ant zombies
  A howler monkey zombie (D:5)
  11 gnolls
  8 adders
  A shadow imp (D:6)
  An ooze (D:2)
  An adder zombie (D:7)
  An adder skeleton (D:6)
  5 worms
  3 dart slugs (D:2)
  5 leopard geckos
  20 orcs
  3 ball pythons
  5 bats
  4 giant cockroaches
  6 goblins
  4 hobgoblins
  2 jackals (D:6)
  9 kobolds
  8 frilled lizards
  A jackal skeleton (D:4)
  A leopard gecko zombie (D:7)
  2 quokka skeletons
  4 rats
176 creatures vanquished.

Notes
Turn   | Place    | Note
-------+----------+-------------------------------------------
     0 | D:1      | Kohma the Formicid Fighter began the quest for the Orb.
     0 | D:1      | Reached XP level 1. HP: 18/18 MP: 1/1
   278 | D:1      | Reached XP level 2. HP: 24/24 MP: 2/2
   918 | D:2      | Reached skill level 4 in Shields
  1016 | D:2      | Reached XP level 3. HP: 25/29 MP: 3/3
  1446 | D:2      | Noticed an ice beast
  1541 | D:2      | Found a snail-covered altar of Cheibriados.
  1544 | D:2      | Found a shimmering altar of Xom.
  1547 | D:2      | Found a sacrificial altar of Ru.
  1560 | D:2      | HP: 1/29 [poisoned by an adder]
  1567 | D:2      | Reached XP level 4. HP: 17/35 MP: 4/4
  1572 | D:2      | Killed an ice beast
  1572 | D:2      | Reached skill level 5 in Shields
  1572 | D:2      | Reached XP level 5. HP: 7/41 MP: 5/5
  2137 | D:2      | Reached XP level 6. HP: 21/47 MP: 6/6
  2626 | D:2      | Reached skill level 6 in Shields
  2774 | D:2      | Found an ancient bone altar of Kikubaaqudgha.
  2776 | D:2      | Found an ornate altar of the Wu Jian Council.
  3037 | D:3      | Found a hide-covered altar of Uskayaw.
  3453 | D:3      | Reached skill level 5 in Polearms
  3818 | D:4      | Reached XP level 7. HP: 53/54 MP: 7/7
  4072 | D:4      | Reached skill level 5 in Fighting
  4212 | D:4      | Noticed Ijyb
  4228 | D:4      | Killed Ijyb
  4705 | D:4      | Reached XP level 8. HP: 31/62 MP: 8/8
  4895 | D:5      | Entered Level 5 of the Dungeon
  4944 | D:5      | Found a transporter.
  4944 | D:5      | Noticed coier1's ghost (novice GnWn)
  4950 | D:5      | Noticed Pikel
  4999 | D:5      | Found Dunatut's Antique Weapon Shoppe.
  5080 | D:4      | HP: 3/62 [poisoned by a worker ant]
  5087 | D:4      | HP: 2/62 [poisoned by a worker ant]
  5095 | D:4      | HP: 2/62 [poisoned by a worker ant]
  5440 | D:4      | Reached skill level 7 in Shields
  5663 | D:5      | Found a transporter.
  5767 | D:5      | Reached skill level 8 in Shields
  5881 | D:5      | Found Ontem's Assorted Antiques.
  5889 | D:5      | Bought a scroll of remove curse for 78 gold pieces
  5889 | D:5      | Bought a potion of curing for 78 gold pieces
  5897 | D:5      | Found Qowarit's Assorted Antiques.
  5968 | D:5      | Found Ceacruff's General Store.
  5976 | D:5      | Bought a potion of heal wounds for 65 gold pieces
  5985 | D:5      | Found Zererph's Antique Armour Shoppe.
  6005 | D:5      | Found a staircase to the Ecumenical Temple.
  6014 | Temple   | Entered the Ecumenical Temple
  6090 | Temple   | Became a worshipper of Ashenzari the Shackled
  6177 | D:5      | Killed Pikel
  6177 | D:5      | Reached skill level 9 in Shields
  6177 | D:5      | Reached XP level 9. HP: 68/68 MP: 9/9
  7026 | D:6      | Found a glowing golden altar of the Shining One.
  7035 | D:6      | Found a basalt altar of Yredelemnul.
  7068 | D:6      | Identified the +2 cloak of Bonuriesk {rC+ rN+}
  7160 | D:6      | Noticed an angel
  7238 | D:7      | Reached skill level 1 in Long Blades
  7573 | D:7      | Reached XP level 10. HP: 72/73 MP: 10/10
  7684 | D:7      | Reached skill level 10 in Shields
  7712 | D:7      | Found Laaseu Bokun's Food Emporium.
  7908 | D:7      | Reached skill level 5 in Long Blades
  8000 | D:8      | Reached * piety under Ashenzari
  8440 | D:8      | Noticed a two-headed ogre
  8469 | D:8      | Killed a two-headed ogre
  8834 | D:8      | Identified the +5 war axe of Cudi {vorpal, rN+}
  8834 | D:8      | Noticed a centaur warrior
  8843 | D:9      | Noticed Psyche
  8843 | D:9      | Noticed a two-headed ogre
  8845 | D:8      | Shot with an arrow by a centaur warrior

Levels and vault maps discovered:
D:1:      minmay_arrival_three_doors, layout_loops_ring, serial_rivers,
          chequers_serial_rivers_room_b, chequers_serial_rivers_small_3,
          chequers_serial_rivers_marsh, chequers_serial_rivers_micro_e,
          chequers_serial_rivers_small_a, corner_web_ring
D:2:      layout_loops_cross, nicolae_overflow_hidden_temple
D:3:      layout_loops_ring, nicolae_overflow_crystal_walls
D:4:      layout_gridville, first_ration, uniq_ijyb
D:5:      layout_rooms, minmay_temple_entry_poolview, serial_shops,
          nicolae_shop_trees, shop, shop, nicolae_shop_overgrown_old_shop,
          nicolae_shop_stone, gammafunk_ghost_arena, uniq_pikel
D:6:      layout_basic, grunt_temple_overflow_holy_war
D:7:      cheibrodos_helix_gallery, layout_basic, serial_shops,
          nicolae_shop_waterfront
D:8:      layout_loops_ring, minmay_pinched_square
D:9:      layout_basic, lair_entry_dummy, serial_shops, shop, shop, shop, shop,
          shop_fountains, hellmonk_ghost_happy_afterlife, uniq_psyche,
          uniq_erica
Temple:   jpeg_temple_clearing

Skill      XL: |  1  2  3  4  5  6  7  8  9 10 |
---------------+-------------------------------+-----
Shields        | 4 5 6 9 10 | 10.9
Polearms       | 3 4 5 6 8 9 |  9.2
Fighting       | 4 5 |  5.1
Long Blades    | 3 7 |  7.3
Armour         | |  3.3

Action                   |  1- 3 |  4- 6 |  7- 9 | 10-12 || total
-------------------------+-------+-------+-------+-------++-------
Melee: Trident           |   102 |    81 |       |       ||   183
       Halberd           |       |   140 |   317 |       ||   457
       Great sword       |       |       |    46 |   104 ||   150
Invok: Curse Item        |       |       |     2 |       ||     2
Evoke: Wand              |       |       |       |     1 ||     1
  Use: Potion            |     4 |       |     1 |       ||     5
       Scroll            |       |     8 |     1 |       ||     9
 Stab: Paralysed         |       |       |       |     2 ||     2
  Eat: Chunk             |     1 |     9 |     7 |     5 ||    22
       Ration            |       |       |     2 |     1 ||     3
Armor: Scale mail        |    18 |    76 |   129 |       ||   223
       Plate armour      |       |       |     1 |    52 ||    53
Dodge: Dodged            |    26 |    60 |   106 |    27 ||   219
Block: Shield            |    50 |   122 |   247 |    99 ||   518
       Rpst.: Great sword |       |       |     4 |     9 ||    13

Table legend:
 A = Non-vault XP
 B = Vault XP
 C = Vault XP percentage of total XP
 D = Non-vault monster count
 E = Vault monster count
 F = Vault count percentage of total count
                 A         B        C        D         E       F
            +---------+---------+-------+---------+---------+-------
      Total |    4319 |    2361 |  35.3 |     158 |      14 |   8.1
            +---------+---------+-------+---------+---------+-------
        D:1 |      12 |       0 |   0.0 |       9 |       0 |   0.0
        D:2 |     300 |       0 |   0.0 |      36 |       0 |   0.0
        D:3 |     145 |       0 |   0.0 |      25 |       0 |   0.0
        D:4 |     821 |      36 |   4.2 |      21 |       1 |   4.5
        D:5 |     697 |     663 |  48.8 |      18 |       1 |   5.3
        D:6 |     235 |       0 |   0.0 |      11 |       0 |   0.0
        D:7 |    1693 |      43 |   2.5 |      32 |       1 |   3.0
        D:8 |     416 |    1619 |  79.6 |       6 |      11 |  64.7
            +---------+---------+-------+---------+---------+-------
